 Dungeon Crawl Stone Soup version 0.29.0-13-gc9e81de378 (webtiles) character file.

Game seed: 4197156878418549224

443330 Anothat the Slayer (level 23, -6/146 HPs)
             Began as a Vine Stalker Fighter on Sept 6, 2022.
             Was the Champion of Uskayaw.
             Mangled by an azure jelly (20 damage)
             ... created by the Royal Jelly
             ... on level 5 of the Pits of Slime on Sept 8, 2022.
             The game lasted 02:22:50 (49492 turns).

Anothat the Slayer (Vine Stalker Fighter)          Turns: 49492, Time: 02:22:51

Health: -6/146     AC: 15    Str: 21    XL:     23   Next: 81%
Magic:  0/36       EV: 27    Int: 12    God:    Uskayaw [******]
Gold:   4220       SH: 15    Dex: 25    Spells: 22/22 levels left

rFire   + + .      SeeInvis .   o - +8 arc blade {discharge, rElec}
rCold   . . .      Faith    .   A - +2 buckler
rNeg    + . .      Spirit   +   Y - +3 ring mail of the Worm {rPois rF+ Regen+ Dex+4}
rPois   +          Reflect  +   M - +2 hat {Stlth+}
rElec   +          Harm     .   h - +0 cloak
rCorr   +          Rampage  .   x - +1 pair of gloves "Xicvula" {rC+ Will+}
Will    +++..                   L - +1 pair of boots of the Carpenter {rElec rC- rCorr Dex-2}
Stlth   ++........              H - amulet of reflection
HPRegen 1.94/turn               u - ring of protection from fire
MPRegen 0.25/turn               V - ring of Ycun Uce {Fly rN+ EV+4 Int+4}

@: mighty, corroded, flying, studying Earth Magic, invisible
A: fangs 3, regeneration 1, magic shield, antimagic bite, no potion heal 2,
deterioration 1
}: 3/15 runes: serpentine, barnacled, silver
a: Renounce Religion, Stomp, Line Pass, Grand Finale


You were on level 5 of the Pits of Slime.
You worshipped Uskayaw.
Uskayaw was most pleased with you.
You visited 9 branches of the dungeon, and saw 43 of its levels.

You collected 6675 gold pieces.
You spent 2455 gold pieces at shops.

Inventory:

Hand Weapons
 o - the +8 arc blade (weapon) {discharge, rElec}
   (You took it off Nikola on level 2 of the Elven Halls)

   It occasionally unleashes powerful arcs of lightning upon striking a foe.
   These may arc to other adjacent creatures (including the wielder, but dealing
   reduced damage to them) before grounding out.
   rElec:     It insulates you from electricity.
 w - the +5 quick blade of the Skies Above {vorpal, rElec rN+ Will- rCorr}
   (You acquired it on level 6 of the Dungeon)

   It inflicts extra damage upon your enemies.
   rElec:     It insulates you from electricity.
   rN:        It protects you from negative energy.
   rCorr:     It protects you from acid and corrosion.
   Will:      It decreases your willpower.
 B - the +5 dagger of Immorality {freeze, Fly rPois Stlth+}
   (You found it on level 4 of the Snake Pit)

   It freezes those it strikes, dealing additional cold damage.
   It can also slow down cold-blooded creatures.
   rPois:     It protects you from poison.
   Fly:       It grants you flight.
   Stlth:     It makes you more stealthy.
 X - a +9 quick blade of electrocution
Missiles
 v - 5 throwing nets (quivered)
Armour
 h - a +0 cloak (worn)
 x - the +1 pair of gloves "Xicvula" (worn) {rC+ Will+}
   (You acquired it on level 6 of the Dungeon)

   rC:        It protects you from cold.
   Will:      It increases your willpower.
 A - a +2 buckler (worn)
 E - a +2 tower shield
 F - +0 gold dragon scales
 L - the +1 pair of boots of the Carpenter (worn) {rElec rC- rCorr Dex-2}
   (You bought it in a shop on level 2 of the Orcish Mines)

   Dex:       It affects your dexterity (-2).
   rC:        It makes you vulnerable to cold.
   rElec:     It insulates you from electricity.
   rCorr:     It protects you from acid and corrosion.
 M - a +2 hat of stealth (worn)
 Q - a +2 pair of boots
 U - the +8 chain mail of the Cockroach {rElec rC+ Int+7}
   (You bought it in a shop on level 2 of the Orcish Mines)

   Int:       It affects your intelligence (+7).
   rC:        It protects you from cold.
   rElec:     It insulates you from electricity.
 Y - the +3 ring mail of the Worm (worn) {rPois rF+ Regen+ Dex+4}
   (You bought it in a shop on level 12 of the Dungeon)

   Dex:       It affects your dexterity (+4).
   rF:        It protects you from fire.
   rPois:     It protects you from poison.
   Regen:     It increases your rate of health regeneration.
Jewellery
 u - a ring of protection from fire (left hand)
 y - a +4 ring of slaying
 H - an amulet of reflection (around neck)
 V - the ring of Ycun Uce (right hand) {Fly rN+ EV+4 Int+4}
   (You found it on level 11 of the Dungeon)

   [ring of evasion]

   EV:        It affects your evasion (+4).
   Int:       It affects your intelligence (+4).
   rN:        It protects you from negative energy.
   Fly:       It grants you flight.
Wands
 b - a wand of paralysis (21)
 e - a wand of polymorph (10)
 s - a wand of iceblast (30)
 I - a wand of flame (44)
 J - a wand of digging (8)
 P - a wand of mindburst (4)
 Z - a wand of acid (4)
Scrolls
 c - 6 scrolls of enchant armour
 f - 6 scrolls of amnesia
 j - 5 scrolls of torment
 k - 16 scrolls of teleportation
 l - 5 scrolls of poison
 m - 43 scrolls of identify
 t - 7 scrolls of fear
 z - 10 scrolls of fog
 D - 7 scrolls of magic mapping
 G - a scroll of enchant weapon
 N - 2 scrolls of brand weapon
Potions
 d - 5 potions of might
 g - 7 potions of brilliance
 i - 20 potions of curing
 n - 2 potions of magic
 p - 8 potions of mutation
 q - 2 potions of haste
 r - 6 potions of lignification
 C - 3 potions of attraction
 O - 2 potions of invisibility
 R - 5 potions of ambrosia
 W - 6 potions of berserk rage
Miscellaneous
 a - a condenser vane
 K - a phantom mirror


   Skills:
 * Level 24.2 Fighting
 - Level 15.7 Short Blades
 - Level 13.3 Armour
 + Level 14.3 Dodging
 + Level 11.0 Shields
 + Level 17.0 Invocations


You had 22 spell levels left.
You didn't know any spells.
Your spell library contained the following spells:

 Spells                   Type           Power      Damage    Failure   Level
 Apportation              Tloc           0%         N/A       50%         1
 Foxfire                  Conj/Fire      0%         2x1d4     50%         1
 Magic Dart               Conj           0%         1d3       50%         1
 Necrotise                Necr           0%         1d4       50%         1
 Summon Small Mammal      Summ           0%         N/A       50%         1
 Call Imp                 Summ           0%         N/A       65%         2
 Ensorcelled Hibernation  Hex/Ice        0%         N/A       65%         2
 Passwall                 Tmut/Erth      0%         N/A       65%         2
 Poisonous Vapours        Pois/Air       0%         N/A       65%         2
 Searing Ray              Conj           0%         2d4       65%         2
 Sublimation of Blood     Necr           0%         N/A       65%         2
 Call Canine Familiar     Summ           0%         N/A       86%         3
 Confusing Touch          Hex            0%         N/A       86%         3
 Conjure Flame            Conj/Fire      0%         6-21      86%         3
 Gell's Gravitas          Tloc           0%         N/A       86%         3
 Ignite Poison            Fire/Tmut/Pois 0%         N/A       86%         3
 Lesser Beckoning         Tloc           0%         N/A       86%         3
 Ozocubu's Armour         Ice            0%         N/A       86%         3
 Portal Projectile        Hex/Tloc       0%         N/A       86%         3
 Stone Arrow              Conj/Erth      0%         3d7       86%         3
 Summon Guardian Golem    Hex/Summ       0%         N/A       86%         3
 Swiftness                Air            0%         N/A       86%         3
 Teleport Other           Tloc           0%         N/A       86%         3
 Airstrike                Air            0%         2d(0-16)  99%         4
 Anguish                  Hex/Necr       0%         N/A       99%         4
 Animate Armour           Summ/Erth      0%         N/A       99%         4
 Cause Fear               Hex            0%         N/A       99%         4
 Corpse Rot               Necr/Pois/Air  0%         N/A       99%         4
 Fulminant Prism          Conj/Hex       0%         3d6       99%         4
 Hailstorm                Conj/Ice       0%         3d3       99%         4
 Ice Form                 Ice/Tmut       0%         N/A       99%         4
 Leda's Liquefaction      Hex/Erth       0%         N/A       99%         4
 Passage of Golubria      Tloc           0%         N/A       99%         4
 Sticky Flame             Conj/Fire      0%         2d3       99%         4
 Summon Ice Beast         Ice/Summ       0%         N/A       99%         4
 Agony                    Necr           0%         N/A       100%        5
 Alistair's Intoxication  Tmut/Pois      0%         N/A       100%        5
 Blade Hands              Tmut           0%         N/A       100%        5
 Fireball                 Conj/Fire      0%         3d3       100%        5
 Silence                  Hex/Air        0%         N/A       100%        5
 Summon Forest            Summ/Tloc      0%         N/A       100%        5
 Summon Mana Viper        Hex/Summ       0%         N/A       100%        5
 Yara's Violent Unravell  Hex/Tmut       0%         3d3       100%        5
 Iron Shot                Conj/Erth      0%         9d1       100%        6
 Simulacrum               Ice/Necr       0%         N/A       100%        6
 Starburst                Conj/Fire      0%         6d3       100%        6
 Dragon Form              Tmut           0%         N/A       100%        7
 Enfeeble                 Hex            0%         N/A       100%        7
 Monstrous Menagerie      Summ           0%         N/A       100%        7
 Orb of Destruction       Conj           0%         9d5       100%        7
 Ozocubu's Refrigeration  Ice            0%         4d7       100%        7
 Spellforged Servitor     Conj/Summ      0%         N/A       100%        7
 Discord                  Hex            0%         N/A       100%        8
 Ignition                 Fire           0%         3d3       100%        8
 Infestation              Necr           0%         N/A       100%        8
 Lehudib's Crystal Spear  Conj/Erth      0%         10d2      100%        8
 Summon Horrible Things   Summ           0%         N/A       100%        8
 Dragon's Call            Summ           0%         N/A       100%        9


Dungeon Overview and Level Annotations

Branches:
Dungeon (15/15)            Temple (1/1) D:7            Lair (5/5) D:9
 Shoals (4/4) Lair:2        Snake (4/4) Lair:3        Slime (5/5) Lair:4
    Orc (2/2) D:9             Elf (2/3) Orc:2        Vaults (5/5) D:14
  Crypt (0/3) Vaults:3     Depths (0/4) D:15

Altars:
Ashenzari
Cheibriados
Dithmenos
Elyvilon
Fedhas
Gozag
Hepliaklqana
Kikubaaqudgha
Makhleb
Nemelex Xobeh
Okawaru
Qazlal
Ru
Sif Muna
Trog
Uskayaw
Wu Jian
Xom
Yredelemnul
Zin
The Shining One
Jiyva

Shops:
D:2 **[*[   D:12 *   Orc:2 ?[(:[   Elf:1 (   Elf:2 =[[(   Shoals:1 (*
Shoals:2 *   Shoals:3 *   Shoals:4 :   Snake:1 *   Snake:2 :[:?   Snake:4 ?
Vaults:1 ?

Portals:
Hell: Lair:5

Annotations:
D:15 exclusion: obsidian statue


Innate Abilities, Weirdness & Mutations

You have razor-sharp teeth.
Your natural rate of healing is unusually fast.
When hurt, damage is shared between your health and your magic reserves.
Your bite disrupts and absorbs the magic of your enemies.
Potions cannot restore your health.
Your body sometimes deteriorates upon taking damage.


Message History

The great orb of eyes is struck by an arc of lightning!!
You kill the great orb of eyes!
Your hands burn!
You bite the Royal Jelly, but do no damage.
The Royal Jelly is severely wounded.
The Royal Jelly shudders vigorously.
The Royal Jelly spits out two more jellies.
The rockslime closely misses you. The Royal Jelly hits you!
You are splashed with acid.
You resist. The Royal Jelly completely misses you.
You puncture the Royal Jelly!
Your hands burn!
You bite the Royal Jelly! You drain its power.
You feel invigorated.
The Royal Jelly is almost dead.
The rockslime closely misses you. The acid blob closely misses you.
You puncture the Royal Jelly!
Your hands burn!
You kill the slime creature!
You bite the Royal Jelly!! You drain its power.
You feel invigorated.
The Royal Jelly is almost dead.
The Royal Jelly shudders.
The Royal Jelly spits out another jelly.
The rockslime barely misses you. The Royal Jelly misses you.
The Royal Jelly hits you!
You are splashed with acid.
You resist. The rockslime hits you!!
You hold your ground!
You puncture the Royal Jelly!
You kill the Royal Jelly!
The stone walls suddenly crumble and collapse.
With an infernal noise, the power ruling this place vanishes!
One of the Royal Jelly's fragments survives.
The acid blob closely misses you. The rockslime hits you!!
* * * LOW HITPOINT WARNING * * *
You are shoved backwards!
Found seven items.
You impale the acid blob!!
You kill the acid blob!
That felt strangely unrewarding.
The azure jelly hits you!
* * * LOW HITPOINT WARNING * * *
The azure jelly freezes you!!
* * * LOW HITPOINT WARNING * * *
The azure jelly hits you.
* * * LOW HITPOINT WARNING * * *
The azure jelly freezes you!!
You die...

.................................
...............####.#####........
..............##[##..# ##.......
.............##[($ #.# ##......
............##!:(##..##? ##.....
...........##$}φ:?....![ ##....
...........##(?"!......$ #....
...........# #$).|....). #....
...........####J@.J..... #.^..
.............#.JJJJJ.... ......
...........#..J...J..... .#....
...........####.J.J..... ...
.....^.....# /=.)....}. ....
...........# !=:(......[ ....
...........# /[:[?....() ##....
............##?}/##..##[ ##.....
.............##$)$ #.# ##......


You could see an acid blob, 2 azure jellies, 4 rockslimes and 4 quicksilver
oozes.

Vanquished Creatures
  the Royal Jelly (Slime:5)
  A dread lich (Vaults:5)
  Vashnia (Snake:4)
  Saint Roka (Vaults:3)
  2 golden dragons (Vaults:5)
  Nikola (Elf:2)
  Mlioglotl (Shoals:2)
  4 tentacled monstrosities
  A deep elf blademaster (Elf:2)
  3 quicksilver dragons (Vaults:5)
  18 acid blobs
  4 titans (Vaults:5)
  3 krakens
  Frances (D:12)
  5 sphinxes
  Gastronok (Lair:3)
  4 storm dragons
  Donald (Shoals:2)
  6 tengu reavers
  3 shadow dragons (Vaults:5)
  6 rockslimes
  7 azure jellies
  2 frost giants (shapeshifter)
  8 nagarajas
  A frost giant (Vaults:5)
  2 orc warlords
  3 deep elf sorcerers
  3 fire giants
  2 iron dragons (Vaults:5)
  8 vault wardens
  21 ironbound preservers
  3 very ugly things (Vaults:5)
  8 ironbound thunderhulks
  3 war gargoyles
  7 quicksilver oozes
  4 stone giants
  An entropy weaver (shapeshifter) (Vaults:5)
  A deep elf demonologist (Vaults:4)
  A black draconian (Vaults:2)
  A vampire knight (Vaults:2)
  2 deep elf annihilators
  4 dire elephants
  3 crystal guardians
  A dire elephant (shapeshifter) (Vaults:5)
  11 ettins
  Snorg (D:12)
  3 deep elf death magi
  9 merfolk impalers
  5 deep elf high priests
  8 merfolk javelineers
  13 great orbs of eyes
  11 yaktaur captains
  An ice dragon (Vaults:4)
  Fannar (Lair:3)
  Harold (D:9)
  3 salamander tyrants
  38 vault guards
  5 merfolk aquamancers
  4 hydras
  3 peacekeepers
  4 boulder beetles
  10 merfolk avatars
  2 catoblepae
  An ogre mage (D:15)
  5 centaur warriors
  8 naga warriors
  9 anacondas
  6 two-headed ogres
  9 ironbound frosthearts
  4 satyrs
  2 tengu warriors (D:14)
  12 death yaks
  20 dancing weapons
  An alligator (shapeshifter) (Vaults:5)
  3 orc high priests (Orc:2)
  16 naga sharpshooters
  10 shock serpents
  11 deep elf knights
  A sun demon (Lair:5)
  A shadow wraith (Vaults:4)
  A fire crab (shapeshifter) (Vaults:2)
  A fire crab (Lair:4)
  Amaemon (D:9)
  7 salamander mystics
  A titan skeleton (Vaults:3)
  4 skeletal warriors (D:13)
  A flayed ghost (Vaults:4)
  An iron troll (D:14)
  49 deep trolls
  A glowing orange brain (shapeshifter) (Elf:2)
  8 naga ritualists
  7 sea snakes
  5 deep elf archers
  6 wizards
  4 orc knights
  20 deep elf zephyrmancers
  12 ironbound convokers
  4 orc sorcerers (Orc:2)
  An oklob plant (Lair:3)
  19 ugly things
  2 mana vipers (shapeshifter) (Vaults:2)
  23 harpies
  5 lindwurms
  4 necromancers
  6 phantasmal warriors
  14 deep elf pyromancers
  6 cyclopes
  23 fauns
  5 shining eyes
  14 manticores
  8 mana vipers
  20 salamanders
  13 elephants
  38 black mambas
  Maurice (D:13)
  11 water nymphs
  3 guardian serpents
  3 orange demons
  A torpor snail (shapeshifter) (D:15)
  22 vault sentinels
  Joseph (D:9)
  22 naga magi
  13 merfolk sirens
  A gargoyle (D:11)
  A torpor snail (Lair:4)
  3 centaur zombies (D:15)
  A yaktaur zombie (Vaults:3)
  6 eyes of devastation
  9 cane toads
  11 yaktaurs
  An unseen horror (D:12)
  A kobold demonologist (D:14)
  4 rime drakes (Lair:5)
  4 ice devils (Lair:5)
  Maggie (D:9)
  A hellwing (Lair:5)
  7 freezing wraiths
  11 komodo dragons
  An efreet (D:15)
  A tengu conjurer (D:14)
  26 merfolk
  3 meliai (D:14)
  4 polar bears
  4 trolls
  6 wind drakes
  115 slime creatures
  15 blink frogs
  5 snapping turtles
  An elf zombie (Vaults:3)
  13 dream sheep
  A frost giant simulacrum (Vaults:3)
  A shadow (D:12)
  An ettin skeleton (Vaults:3)
  An air elemental (Elf:2)
  3 wraiths
  2 wyverns
  An elf simulacrum (Vaults:3)
  2 vampires
  21 water elementals
  7 golden eyes
  68 yaks
  4 basilisks
  3 steam dragons
  4 vampire mosquitoes
  A fire elemental (Elf:1)
  2 harpy simulacra (D:15)
  5 wargs
  A swamp worm (shapeshifter) (Vaults:2)
  21 water moccasins
  3 hell hounds (Lair:5)
  3 acid dragons
  A floating eye (Slime:5)
  39 nagas
  46 orc warriors
  A glowing shapeshifter skeleton (Vaults:3)
  7 black bears
  2 ice beasts
  An ettin simulacrum (Vaults:3)
  9 ogres
  3 boggarts (D:13)
  22 wolves
  10 centaurs
  4 kobold brigands
  14 bullfrogs
  7 scorpions
  2 gnoll sergeants
  10 wights
  A human simulacrum (Vaults:3)
  3 killer bees (D:10)
  4 howler monkeys (D:3)
  6 electric eels
  A crimson imp (D:15)
  5 hounds
  28 orc priests
  3 gnoll boudas
  2 jellies
  Crazy Yiuf (D:6)
  3 iguanas
  Ijyb (D:3)
  A boggart zombie (D:15)
  32 orc wizards
  9 hell rats
  42 gnolls
  7 adders
  A white imp (D:15)
  5 ufetubi
  2 worms
  A dart slug (D:3)
  103 orcs
  6 ball pythons
  11 endoplasms
  4 giant cockroaches
  6 goblins
  5 hobgoblins
  15 jackals
  5 quokkas
  3 bats
  3 frilled lizards
  19 kobolds
  A rat (D:1)
  A butterfly (Lair:1)
  A starspawn tentacle (Shoals:2)
  5 tentacles
1762 creatures vanquished.

Vanquished Creatures (others)
  A deep troll (Vaults:5)
  An ugly thing (Vaults:2)
  A yak (D:9)
  An orc warrior (Vaults:5)
  A human (D:8)
  A quasit (D:15)
  A white imp (D:15)
  An ufetubus (D:15)
  27 fungi
  54 plants
  2 starspawn tentacles (Shoals:2)
  16 tentacles
107 creatures vanquished.

Grand Total: 1869 creatures vanquished

Notes
Turn   | Place    | Note
-------+----------+-------------------------------------------
     0 | D:1      | Anothat the Vine Stalker Fighter began the quest for the
                  | Orb.
     0 | D:1      | Reached XP level 1. HP: 11/11 MP: 2/2
    36 | D:1      | Got the Vellum of the Crystalline Commander
   349 | D:1      | Found a faded altar of an unknown god.
   368 | D:1      | Reached XP level 2. HP: 10/16 MP: 3/3
  1714 | D:2      | Found Sol Joops's General Store.
  1763 | D:2      | Found Foucepha's General Store.
  1958 | D:2      | Found Couret's Armour Shoppe.
  1962 | D:2      | Reached XP level 3. HP: 19/19 MP: 4/4
  1972 | D:2      | Reached skill level 3 in Fighting
  2092 | D:2      | Found Eceteall's Antique Armour Shoppe.
  2174 | D:2      | Found Ulorahop's General Store.
  2790 | D:3      | Noticed a scorpion
  2806 | D:3      | Killed a scorpion
  2807 | D:3      | Gained mutation: Your natural rate of healing is unusually
                  | fast. [Vine Stalker growth]
  2807 | D:3      | Reached XP level 4. HP: 3/24 MP: 5/5
  2861 | D:3      | Reached XP level 5. HP: 28/28 MP: 6/6
  3401 | D:3      | Reached XP level 6. HP: 33/33 MP: 4/7
  3487 | D:3      | Noticed Ijyb
  3509 | D:3      | Killed Ijyb
  3510 | D:3      | Reached skill level 4 in Fighting
  3902 | D:3      | Reached XP level 7. HP: 32/37 MP: 8/8
  3985 | D:3      | Reached skill level 5 in Short Blades
  4505 | D:4      | Found a snail-covered altar of Cheibriados.
  4875 | D:4      | Found a burning altar of Makhleb.
  5028 | D:5      | Entered Level 5 of the Dungeon
  5049 | D:5      | Gained mutation: You have razor-sharp teeth. [Vine Stalker
                  | growth]
  5049 | D:5      | Reached XP level 8. HP: 30/42 MP: 7/9
  5128 | D:5      | Reached skill level 5 in Fighting
  5128 | D:5      | Reached skill level 5 in Shields
  5185 | D:5      | Found a white marble altar of Elyvilon.
  5393 | D:5      | Found a shimmering blue altar of Sif Muna.
  5393 | D:5      | Found a broken altar of Ashenzari.
  5936 | D:6      | Found a hazy altar of Hepliaklqana.
  6161 | D:6      | Found a runed translucent door.
  6162 | D:6      | Noticed Crazy Yiuf
  6586 | D:6      | Identified 2 scrolls of acquirement
  6586 | D:6      | Acquired the +1 pair of gloves "Xicvula" {rC+ Will+}
  6593 | D:6      | Acquired the +5 quick blade of the Skies Above {vorpal,
                  | rElec rN+ Will- rCorr}
  6602 | D:6      | Killed Crazy Yiuf
  6672 | D:7      | Reached XP level 9. HP: 48/48 MP: 10/10
  6798 | D:7      | Reached skill level 6 in Fighting
  7601 | D:7      | Found a staircase to the Ecumenical Temple.
  7611 | Temple   | Entered the Ecumenical Temple
  7739 | Temple   | Became a worshipper of Uskayaw the Reveller
  7804 | D:8      | Reached * piety under Uskayaw
  7836 | D:8      | Reached ** piety under Uskayaw
  7840 | D:8      | Reached *** piety under Uskayaw
  7847 | D:8      | Reached **** piety under Uskayaw
  7985 | D:8      | Reached XP level 10. HP: 53/53 MP: 11/11
  8088 | D:8      | Reached skill level 7 in Fighting
  8293 | D:8      | Found an ancient bone altar of Kikubaaqudgha.
  8409 | D:8      | Found a sparkling altar of Nemelex Xobeh.
  8426 | D:8      | Noticed a two-headed ogre
  8438 | D:8      | Killed a two-headed ogre
  8957 | D:9      | Reached ***** piety under Uskayaw
  8958 | D:9      | Reached skill level 10 in Short Blades
  9126 | D:9      | Found a glowing silver altar of Zin.
  9211 | D:9      | Reached ****** piety under Uskayaw
  9229 | D:9      | Reached skill level 8 in Fighting
  9236 | D:9      | Reached XP level 11. HP: 50/60 MP: 12/12
  9236 | D:9      | Found a staircase to the Orcish Mines.
  9238 | D:9      | Found a staircase to the Lair.
  9257 | D:9      | Reached skill level 5 in Armour
  9399 | D:9      | Noticed Joseph
  9434 | D:9      | Killed Joseph
  9501 | D:9      | Noticed Maggie
  9518 | D:9      | Killed Maggie
  9589 | D:9      | Noticed Amaemon
  9603 | D:9      | Killed Amaemon
  9695 | D:9      | Noticed Harold
  9710 | D:9      | Killed Harold
 10100 | Lair:1   | Entered Level 1 of the Lair of Beasts
 10274 | Lair:1   | Noticed an eight-headed hydra
 10304 | Lair:1   | Killed an eight-headed hydra
 10305 | Lair:1   | Reached skill level 9 in Fighting
 10678 | Lair:1   | Reached XP level 12. HP: 66/66 MP: 13/13
 11503 | Lair:2   | Acquired a manual of Armour
 11514 | Lair:2   | Found a staircase to the Shoals.
 11770 | Lair:3   | Noticed a catoblepas
 12023 | Lair:3   | Killed a catoblepas
 12083 | Lair:3   | Reached skill level 10 in Fighting
 12139 | Lair:3   | Noticed Gastronok
 12148 | Lair:3   | Killed Gastronok
 12171 | Lair:3   | Found a staircase to the Snake Pit.
 12403 | Lair:3   | Reached XP level 13. HP: 72/72 MP: 14/14
 12556 | Lair:3   | Noticed Fannar
 12592 | Lair:3   | Killed Fannar
 13275 | Lair:4   | Found a runed translucent door.
 13278 | Lair:4   | Found a staircase to the Slime Pits.
 13392 | Lair:4   | Reached skill level 1 in Invocations
 13681 | Lair:4   | Reached skill level 11 in Fighting
 13940 | Lair:4   | Reached skill level 15 in Short Blades
 13940 | Lair:4   | Reached skill level 10 in Armour
 14371 | Lair:5   | Entered Level 5 of the Lair of Beasts
 14828 | Lair:5   | Reached XP level 14. HP: 49/79 MP: 15/17
 15049 | Lair:5   | Reached skill level 12 in Fighting
 15133 | Lair:5   | Noticed a dire elephant
 15171 | Lair:5   | Killed a dire elephant
 15209 | Lair:5   | Reached skill level 5 in Invocations
 15536 | Lair:5   | Found a burning altar of Makhleb.
 16373 | Lair:5   | Found a gateway to Hell.
 16451 | Lair:5   | Upgraded the game from 0.29.0-11-gd7f09526c8 to
                  | 0.29.0-13-gc9e81de378
 16588 | Orc:1    | Entered Level 1 of the Orcish Mines
 16637 | Orc:1    | You fall into a shaft and drop 1 floor!
 16637 | Orc:2    | Entered Level 2 of the Orcish Mines
 16645 | Orc:2    | Found Bunisish's Antique Armour Boutique.
 16645 | Orc:2    | Noticed an orc warlord
 16655 | Orc:2    | Reached skill level 13 in Fighting
 16678 | Orc:2    | Found Rozxoum's Armour Boutique.
 16706 | Orc:2    | Reached XP level 15. HP: 23/86 MP: 20/20
 16829 | Orc:2    | Reached skill level 1 in Dodging
 17276 | Orc:2    | Killed an orc warlord
 17386 | Orc:2    | Found Pofrao Kype's Antique Weapon Shop.
 17411 | Orc:2    | Bought a pair of jewelled boots for 313 gold pieces
 17411 | Orc:2    | Identified the +1 pair of boots of the Carpenter {rElec rC-
                  | rCorr Dex-2} (You bought it in a shop on level 2 of the
                  | Orcish Mines)
 17411 | Orc:2    | Bought a faintly glowing chain mail for 313 gold pieces
 17411 | Orc:2    | Identified the +8 chain mail of the Cockroach {rElec rC+
                  | Int+7} (You bought it in a shop on level 2 of the Orcish
                  | Mines)
 17587 | Orc:2    | Found Tiuck's Book Shop.
 17736 | Orc:2    | Found a staircase to the Elven Halls.
 17773 | Orc:2    | Found Noor's Magic Scroll Emporium.
 17777 | Orc:2    | Bought a scroll of teleportation for 42 gold pieces
 17777 | Orc:2    | Bought a scroll of teleportation for 42 gold pieces
 18674 | Snake:1  | Entered Level 1 of the Snake Pit
 18979 | Snake:1  | Reached skill level 14 in Fighting
 19654 | Snake:1  | Found Erehyuqe's CLEARANCE SALE!.
 19670 | Snake:1  | Bought a potion of invisibility for 8 gold pieces
 20166 | Snake:2  | Noticed a nagaraja
 20473 | Snake:2  | Reached XP level 16. HP: 82/93 MP: 21/21
 20500 | Snake:2  | Killed a nagaraja
 20595 | Snake:2  | Reached skill level 15 in Fighting
 20647 | Snake:2  | Reached skill level 5 in Dodging
 20676 | Snake:2  | Found Kempitae's Book Emporium.
 20676 | Snake:2  | Found Veax's Antique Armour Shoppe.
 20697 | Snake:2  | Found Jycir's Book Shoppe.
 20715 | Snake:2  | Found Duaklank's Magic Scroll Emporium.
 20721 | Snake:2  | Bought a scroll of fear for 68 gold pieces
 20721 | Snake:2  | Bought a scroll of teleportation for 51 gold pieces
 20721 | Snake:2  | Bought a scroll of teleportation for 51 gold pieces
 20721 | Snake:2  | Bought a scroll of enchant armour for 127 gold pieces
 22373 | Snake:4  | Entered Level 4 of the Snake Pit
 22489 | Snake:4  | Reached skill level 16 in Fighting
 22739 | Snake:4  | Identified the +5 dagger of Immorality {freeze, Fly rPois
                  | Stlth+}
 22760 | Snake:4  | Found Otiol's Magic Scroll Boutique.
 22858 | Snake:4  | Identified the +1 falchion of True Grit {vorpal, Drain
                  | Dex+6}
 23016 | Snake:4  | Noticed a nagaraja
 23027 | Snake:4  | Killed a nagaraja
 23156 | Snake:4  | Noticed a nagaraja
 23157 | Snake:4  | Reached XP level 17. HP: 42/101 MP: 24/24
 23533 | Snake:4  | Noticed Vashnia
 23601 | Snake:4  | HP: 2/102 [Vashnia/bolt (9)]
 23607 | Snake:4  | HP: 2/102 [poisoned by Vashnia (splash of poison)]
 24319 | Snake:4  | Killed Vashnia
 24320 | Snake:4  | Reached skill level 17 in Fighting
 24396 | Snake:4  | Got a serpentine rune of Zot
 24606 | Snake:4  | Bought a scroll of enchant weapon for 112 gold pieces
 24606 | Snake:4  | Bought a scroll of enchant weapon for 112 gold pieces
 24955 | D:10     | Entered Level 10 of the Dungeon
 25496 | D:11     | Found a stormy altar of Qazlal.
 25561 | D:11     | Identified the ring of Ycun Uce {Fly rN+ EV+4 Int+4}
 26115 | D:12     | Acquired a +5 quick blade
 26392 | Snake:2  | Bought a scroll of brand weapon for 161 gold pieces
 26683 | D:12     | Noticed Frances
 26711 | D:12     | Killed Frances
 27116 | D:12     | Noticed Snorg
 27133 | D:12     | Killed Snorg
 27230 | D:12     | Found Xyomif's Assorted Antiques.
 27233 | D:12     | Bought an ichor-stained ring mail for 261 gold pieces
 27233 | D:12     | Identified the +3 ring mail of the Worm {rPois rF+ Regen+
                  | Dex+4} (You bought it in a shop on level 12 of the Dungeon)
 27746 | D:13     | Noticed Maurice
 27760 | D:13     | Killed Maurice
 27901 | D:13     | Found a blossoming altar of Fedhas.
 27988 | D:13     | You are sucked into a shaft and drop 1 floor!
 28499 | D:14     | Reached skill level 10 in Invocations
 28957 | D:14     | Found a gate to the Vaults.
 29672 | D:15     | Entered Level 15 of the Dungeon
 29959 | D:15     | Reached XP level 18. HP: 109/109 MP: 26/26
 30337 | D:15     | Found a staircase to the Depths.
 30345 | D:15     | Reached skill level 18 in Fighting
 30845 | Shoals:1 | Entered Level 1 of the Shoals
 31086 | Shoals:1 | Found Gelluruf's Goods Gallery.
 31122 | Shoals:1 | Found Rizaivaep's Weapon Shoppe.
 32055 | Shoals:2 | Noticed Mlioglotl
 32243 | Shoals:2 | Noticed Donald
 32293 | Shoals:2 | Killed Donald
 32335 | Shoals:2 | Killed Mlioglotl
 32572 | Shoals:2 | Found Fuxzumi's General Store.
 33568 | Shoals:3 | Found Sujo's Assorted Antiques.
 33589 | Shoals:3 | Bought a scroll of blinking for 307 gold pieces
 33609 | Shoals:3 | Reached skill level 19 in Fighting
 34207 | Shoals:4 | Entered Level 4 of the Shoals
 34322 | Shoals:4 | Reached XP level 19. HP: 116/116 MP: 28/28
 34548 | Shoals:4 | Reached skill level 10 in Dodging
 34755 | Shoals:4 | Found Civaischy's Book Emporium.
 35011 | Shoals:4 | Got Toqimof's Folio of the Captivating Mausoleum
 35087 | Shoals:4 | Got a barnacled rune of Zot
 35718 | Vaults:1 | Entered Level 1 of the Vaults
 36078 | Vaults:1 | Reached skill level 20 in Fighting
 36560 | Vaults:1 | Identified the +4 arbalest of Yvethro {flame, rN+ Will-
                  | rCorr Str+4}
 36602 | Vaults:1 | Found Quatiar's Magic Scroll Boutique.
 37519 | Vaults:2 | Reached XP level 20. HP: 124/124 MP: 30/30
 37949 | Vaults:2 | Identified the +1 flail "Tummun" {spect, Fly Will+ Str-5}
 38024 | Vaults:2 | Reached skill level 21 in Fighting
 38349 | Vaults:2 | Got the Quarto of the Thirteen Ships
 39144 | Vaults:3 | Found a staircase to the Crypt.
 39144 | Vaults:3 | Found a basalt altar of Yredelemnul.
 39144 | Vaults:3 | Found an ancient bone altar of Kikubaaqudgha.
 39354 | Vaults:3 | Noticed Saint Roka
 39391 | Vaults:3 | Killed Saint Roka
 40027 | Vaults:3 | Reached XP level 21. HP: 67/131 MP: 32/32
 40749 | Vaults:4 | Reached skill level 22 in Fighting
 41042 | Vaults:4 | Got the Quarto of the Retinue
 41231 | Vaults:4 | Reached skill level 15 in Invocations
 41752 | Elf:1    | Entered Level 1 of the Elven Halls
 41756 | Elf:1    | Identified the +1 ring mail of Kaagram {Rampage rPois Str+4
                  | Int+4}
 41889 | Elf:1    | Found Ocysch's Antique Weapon Shop.
 42087 | Elf:1    | Got Lehudib's Folio of Confrontation
 42667 | Elf:2    | Paralysed by an air elemental for 1 turns
 42679 | Elf:2    | Found Jypaeti's Weapon Shoppe.
 42723 | Elf:2    | Found Harrijir's Antique Armour Shop.
 42734 | Elf:2    | Bought a pair of glowing boots for 225 gold pieces
 42798 | Elf:2    | Found Moaric's Jewellery Shoppe.
 42874 | Elf:2    | Noticed Nikola
 42888 | Elf:2    | Killed Nikola
 42907 | Elf:2    | Found Iziq's Antique Armour Shoppe.
 42913 | Elf:2    | Bought a glowing tower shield for 262 gold pieces
 42966 | Elf:2    | Found a runed translucent gate.
 42966 | Elf:2    | Found a runed translucent gate.
 42971 | Elf:2    | Found a runed translucent gate.
 43527 | Elf:2    | Reached XP level 22. HP: 138/138 MP: 31/34
 44170 | Vaults:5 | Entered Level 5 of the Vaults
 44226 | Vaults:5 | Noticed a golden dragon
 44241 | Vaults:5 | Reached skill level 23 in Fighting
 44470 | Vaults:5 | Noticed a golden dragon
 44481 | Vaults:5 | Killed a golden dragon
 44612 | Vaults:5 | Identified the +0 chain mail "Useze" {Dex+3}
 44911 | Vaults:5 | Got a silver rune of Zot
 45012 | Vaults:5 | Identified the +7 dagger "Cixusec" {speed, Dex+3}
 45037 | Vaults:5 | Noticed a dread lich
 45054 | Vaults:5 | Killed a dread lich
 45099 | Vaults:5 | Got Ereshkigal's Volume of Darkness
 45519 | Vaults:5 | Killed a golden dragon
 45700 | Vaults:5 | Reached skill level 10 in Shields
 45700 | Vaults:5 | Reached XP level 23. HP: 75/144 MP: 36/36
 45741 | Vaults:5 | Identified the ring "Refinnua" {rPois rF+ Int+6}
 46548 | Slime:1  | Entered Level 1 of the Pits of Slime
 48856 | Slime:3  | Reached skill level 24 in Fighting
 48943 | Slime:5  | Entered Level 5 of the Pits of Slime
 48983 | Slime:5  | Gained mutation: Your body sometimes deteriorates upon
                  | taking damage. [a shining eye]
 49468 | Slime:5  | Found the +9 heavy crossbow "Sniper" {vorpal, Acc+∞ SInv}
 49471 | Slime:5  | Noticed the Royal Jelly
 49472 | Slime:5  | Found a viscous altar of Jiyva.
 49491 | Slime:5  | Killed the Royal Jelly
 49492 | Slime:5  | Mangled by an azure jelly

Illustrated notes

Levels and vault maps discovered:
D:1:      elethiomel_arrival_infinity_welcomes_careful_drivers,
          layout_loops_ring, dreamdust_ecumenical_altar_statues,
          chequers_serial_rivers_large_b, patterned_corridor
D:2:      layout_loops_ring, serial_shops, nicolae_shop_stone,
          nicolae_shop_hallway_plus, nicolae_lakefront_shop,
          nicolae_shop_crystal, shop, nrook_campfire
D:3:      lemuel_castle_with_subvaults [lemuel_castle_interior_carwin_2],
          layout_basic, uniq_ijyb
D:4:      layout_basic, amcnicky_altar_gilded, mainiacjoe_overflow_brackets,
          hangedman_decor_push
D:5:      layout_gridville, nicolae_elyvilon_temple_path,
          gammafunk_temple_overflow_elements
D:6:      layout_loops_ring, nicolae_hepliaklqana_hazy_memory,
          hangedman_decor_diamond_cutter, uniq_crazy_yiuf_cottage
D:7:      layout_loops_ring, temple_hall, dk_noncrumbling_3
D:8:      layout_cave_pods, tgw_kikubaaqudgha, mainiacjoe_overflow_alcove_2
D:9:      layout_long_grid, zin_statuary, grunt_lair_entry_orc_guard_hut,
          orc_0_dummy, dk_rats_in_the_wall, uniq_amaemon, uniq_joseph,
          uniq_maggie, uniq_harold
D:10:     layout_basic, minmay_misc_feat_square
D:11:     layout_cave_pools, grunt_qazlal_sundering
D:12:     layout_basic, serial_shops, kennysheep_mini_moat, uniq_snorg,
          uniq_frances
D:13:     layout_basic, fedhas_altar_2, uniq_maurice
D:14:     layout_long_grid, david_vaults_4, kennysheep_boxes
D:15:     grunt_enter_depths_magical_seal, layout_long_grid, serial_ice,
          serial_ice_c, serial_ice_m, serial_ice_d, serial_ice_g, serial_ice_l,
          serial_ice_e, portal_ice_cave_entry_horrid_things,
          minmay_misc_feat_encased, hangedman_devilish_allure
Temple:   oiseaux_autumnal_temple
Lair:1:   layout_layer_cave, serial_bayou_pond_d, lemuel_fruit_fields
Lair:2:   layout_loops_ring, shoals_dummy_entry
Lair:3:   dpeg_oklob_shooting_range, layout_gridlike,
          minmay_snake_entry_six_corridors, beast_lair_carwin_7, uniq_fannar,
          uniq_gastronok
Lair:4:   layout_cave_shapes, slime_entry_2, eino_small_chamber_without_monster,
          nzn_random_ring
Lair:5:   evil_forest, layout_big_grid
Shoals:1: layout_shoals, serial_shops, nicolae_diamond_shop,
          nicolae_alphabet_shops, nzn_prometheus_bound
Shoals:2: layout_shoals, serial_shops, nicolae_take_the_stairs,
          nicolae_shoals_nymph_descending_staircase, uniq_mlioglotl, uniq_donald
Shoals:3: layout_shoals, serial_shops, shop_statue,
          nicolae_shoals_stone_sculpture_thing, nicolae_shoals_water_booths
Shoals:4: shoals_end_simple, layout_shoals, serial_shops,
          nicolae_shop_hallway_plus
Snake:1:  layout_layer_cave, nicolae_shop_clearance
Snake:2:  layout_misc_corridors, grunt_megastairs_3, minmay_shoptagon
Snake:3:  layout_cave_town
Snake:4:  johnstein_snake_rune_scales, layout_misc_corridors, minmay_shop_star
Slime:1:  layout_caves, nicolae_slime_barrier,
          cheibrodos_slime_lost_civilization_7
Slime:2:  layout_caves
Slime:3:  layout_caves
Slime:4:  layout_caves
Slime:5
Orc:1:    layout_caves
Orc:2:    grunt_orc_community_town_hall, layout_caves,
          grunt_orc_community_big_house_1, grunt_orc_community_big_house_2,
          grunt_orc_community_house_1, grunt_orc_community_house_2,
          grunt_orc_community_house_1, grunt_orc_community_house_3,
          grunt_orc_community_house_1, grunt_orc_community_house_3,
          serial_shops, nicolae_shop_advertising_works
          [nicolae_subvault_shop_adworks]
Elf:1:    minmay_elf_arrival_summoners, layout_geoelf_diagonals, serial_shops,
          shop, minmay_elf_annihilation, drop_trap
Elf:2:    elven_hall_of_blades_hangedman_original
          [nicolae_vaults_blade_armed_guards], layout_geoelf_grid, serial_shops,
          nicolae_shop_hallway_plus, shop, nicolae_shop_bloodbath_and_beyond,
          nicolae_shop_crystal, uniq_nikola
Vaults:1: vaults_room_octagon, v_misc_28, nicolae_vaults_network_quinsquares
          [nicolae_vaults_network_quincunx_subvault,
          nicolae_vaults_network_quincunx_subvault,
          nicolae_vaults_network_quincunx_subvault,
          nicolae_vaults_network_quincunx_subvault], vaults_room_corners,
          vaults_mumra_chevron, nicolae_vaults_yaktaur_gun_rack,
          ontoclasm_vaults_idyll, nicolae_vaults_little_squares_4,
          vaults_room_pools, ontoclasm_vaults_chip, layout_vaults_ring,
          serial_shops, shop
Vaults:2: hangedman_vaults_maws, vaults_room_door_ring, v_alt_pattern_6,
          nicolae_vaults_puzzle_piece, st_greater_box_3,
          hangedman_vaults_river_flow, vaults_dpeg_encased_lava, v_misc_18,
          nicolae_vaults_alarming, vaults_dpeg_hooks, nicolae_vaults_rhombus_6,
          layout_vaults_omnibox
Vaults:3: nicolae_vaults_quartermaster, ontoclasm_vaults_ring_small,
          nicolae_vaults_diagonal_hallway_7, ontoclasm_vaults_fault,
          minmay_crypt_entry_necro_gods, hangedman_vaults_slice,
          vaults_dpeg_emergency_exit, ontoclasm_vaults_chip,
          nicolae_vaults_diagonal_hallway_7, layout_vaults_omnigrid,
          uniq_saint_roka
Vaults:4: vaults_room_door_hall, nicolae_vaults_little_squares_6, v_misc_2,
          hangedman_vaults_nails, vaults_room_boxed,
          ontoclasm_vaults_loading_screen, st_greater_box_5,
          nicolae_vaults_asterisk, vaults_room_door_ring,
          vaults_standard_mumra_x, hangedman_vaults_trim,
          ontoclasm_vaults_decontamination, v_misc_19,
          grunt_vaults_hallway_short, layout_vaults_maze
Vaults:5

Skill      XL: |  1  2  3  4  5  6  7  8  9 10 11 12 13 14 15 16 17 18 19 20 21 22 23 |
---------------+----------------------------------------------------------------------+-----
Short Blades   | 2 3 4 5 7 9 10 12 14 15 | 15.7
Shields        | 3 4 5 6 8 10 11 | 11.0
Fighting       | 3 4 5 6 8 9 10 11 13 14 16 17 19 20 21 22 23 24 | 24.2
Armour         | 3 4 6 8 10 11 13 | 13.3
Invocations    | 3 6 8 10 11 13 14 15 16 17 | 17.0
Dodging        | 4 6 8 9 11 12 13 14 | 14.3

Action                   |  1- 3 |  4- 6 |  7- 9 | 10-12 | 13-15 | 16-18 | 19-21 | 22-24 || total
-------------------------+-------+-------+-------+-------+-------+-------+-------+-------++-------
Melee: Rapier            |   107 |   200 |   348 |       |       |       |   135 |   691 ||  1481
       Bite              |    29 |    62 |   176 |   282 |   887 |   936 |   867 |   376 ||  3615
       Quick blade       |       |       |   221 |   701 |  1861 |  1944 |  1509 |       ||  6236
Invok: Line Pass         |       |       |       |       |       |     1 |     1 |       ||     2
       Grand Finale      |       |       |       |       |       |       |     1 |     1 ||     2
Evoke: Wand              |       |       |     2 |     8 |     1 |       |       |     3 ||    14
       Phantom mirror    |       |       |       |       |     1 |     2 |       |       ||     3
  Use: Scroll            |     8 |     1 |    10 |     8 |     2 |    14 |     3 |     3 ||    49
       Potion            |     2 |       |       |     4 |     1 |     2 |       |    10 ||    19
 Stab: Paralysed         |       |       |     2 |    24 |    93 |   123 |   112 |    63 ||   417
       Petrifying        |       |       |       |       |     3 |       |       |       ||     3
       Distracted        |       |       |       |       |     1 |       |     2 |       ||     3
       Sleeping          |       |       |       |       |       |     9 |    12 |     7 ||    28
       Confused          |       |       |       |       |       |     1 |       |       ||     1
       Invisible         |       |       |       |       |       |       |       |     5 ||     5
Armor: Scale mail        |    43 |    62 |   106 |       |       |       |       |       ||   211
       Plate armour      |       |       |    79 |   129 |   259 |       |       |       ||   467
       Chain mail        |       |       |       |       |   110 |   202 |       |       ||   312
       Ring mail         |       |       |       |       |       |   114 |   128 |    62 ||   304
       Gold dragon scale |       |       |       |       |       |       |       |     5 ||     5
Dodge: Dodged            |    26 |    85 |   168 |    47 |   171 |   396 |   500 |   288 ||  1681
Block: Buckler           |    24 |    43 |   137 |   162 |   542 |   599 |   523 |   231 ||  2261
       Reflection        |       |       |       |       |    19 |    83 |    40 |    20 ||   162
